AoeStats
← HR Pinkman

Arabia

508752184Analyzed
1v1 RM · 8d ago on Sep 23, 2026· 55m 14s· 2 players
Game mode
Random Map
Map size
Tiny (2 player)
Population
200
Speed
Normal
Resources
Standard
Victory
Conquest
Starting age
Dark Age
Ending age
Imperial Age
RankedLock teamsTeams togetherTeam positionsShared explorationLock speedFull tech treeHidden civsTurbo modeCheats
Victory
Defeat
🇲🇽 Saracens · Mexico
2685
+2
🇨🇱 Byzantines · Chile
2183
-2
HR Pinkman
3:41 Loom
5:52 Loom
8:50 Feudal Age
9:17 Double-Bit Axe
12:24 Horse Collar
12:48 Fletching
12:54 Horse Collar
15:37 Padded Archer Armor
18:45 Wheelbarrow
22:34 Castle Age
23:09 Bodkin Arrow
22:37 Elite Skirmisher
24:23 Leather Archer Armor
38:03 Bow Saw
37:53 Heavy Plow
38:14 Hand Cart
41:19 Imperial Age
38:57 Scale Mail Armor
39:01 Pikeman
39:42 Squires
40:10 Chain Mail Armor
39:58 Squires
41:07 Forging
41:56 Ballistics
43:04 Chemistry
41:27 Halberdier
42:50 Conscription
43:20 Plate Mail Armor
44:13 Iron Casting
46:24 Bracer
46:55 Ring Archer Armor
47:01 Iron Casting
Ux´Combito
5:31 Loom
9:12 Feudal Age
9:47 Double-Bit Axe
11:27 Horse Collar
14:33 Fletching
15:45 Horse Collar
22:18 Castle Age
20:32 Gold Mining
21:17 Padded Archer Armor
22:19 Elite Skirmisher
22:55 Bodkin Arrow
23:11 Bow Saw
24:16 Ballistics
26:59 Heavy Plow
27:17 Bloodlines
27:13 Scale Barding Armor
31:47 Wheelbarrow
34:51 Hand Cart
38:44 Imperial Age
36:19 Heavy Plow
37:53 Stone Mining
38:38 Gold Shaft Mining
37:53 Stone Mining
38:38 Gold Shaft Mining
38:53 Leather Archer Armor
39:39 Bracer
40:40 Chemistry
40:44 Two-Man Saw
39:48 Town Watch
42:08 Conscription
42:01 Masonry
42:22 Counterweights
42:53 Ring Archer Armor
43:31 Elite Mameluke
44:32 Chain Barding Armor
44:22 Forging
44:30 Husbandry
46:01 Plate Barding Armor
45:13 Heavy Camel Rider
46:14 Town Patrol
46:42 Siege Engineers
46:20 Man-at-Arms
46:46 Gambesons
47:01 Squires
46:46 Gambesons
47:01 Squires
46:46 Gambesons
47:15 Long Swordsman
47:56 Scale Mail Armor
48:32 Iron Casting
48:10 Two-Handed Swordsman
49:06 Chain Mail Armor
48:49 Champion
50:47 Blast Furnace
50:18 Plate Mail Armor
52:21 Arrowslits
52:32 Murder Holes
52:32 Guard Tower
52:38 Murder Holes
Connection lost

Rejoining the realm…

Still unreachable

The connection could not be restored.

Session expired

The server has moved on; the page needs a fresh start.